 Dungeon Crawl Stone Soup version 0.27.1 (webtiles) character file.

Game seed: 13479380771978620879

10 H0rd4k the Caller (level 2, 0/19 HPs)
             Began as a Barachi Summoner on Aug 26, 2021.
             Slain by a quokka (3 damage)
             ... on level 1 of the Dungeon.
             The game lasted 00:01:17 (603 turns).

H0rd4k the Caller (Barachi Summoner)                 Turns: 603, Time: 00:01:17

Health: 0/19       AC:  2    Str:  9    XL:     2   Next: 20%
Magic:  1/5        EV: 12    Int: 15    God:
Gold:   8          SH:  0    Dex: 12    Spells: 4/5 levels left

rFire    . . .     SeeInvis .   (no weapon)
rCold    . . .     Faith    .   (no shield)
rNeg     . . .     Spirit   .   a - +0 robe
rPois    .         Reflect  .   (no helmet)
rElec    .         Harm     .   (no cloak)
rCorr    .         Rampage  .   (no gloves)
Will     .....                  (no boots)
Stlth    ++........             (no amulet)
HPRegen  0.06/turn              (no ring)
MPRegen  0.09/turn              (no ring)

@: slow
A: amphibious, slowness 1, strong legs 1, +LOS
a: Hop


You were on level 1 of the Dungeon.
You visited 1 branch of the dungeon, and saw 1 of its levels.

You collected 8 gold pieces.

Inventory:

Armour
 a - a +0 robe (worn)
Jewellery
 c - an amulet of guardian spirit
Potions
 b - 2 potions of degeneration {unknown}


   Skills:
 + Level 2.1 Dodging
 - Level 1.7 Stealth
 * Level 2.4 Spellcasting
 * Level 5.3 Summonings


You had 4 spell levels left.
You knew the following spells:

 Your Spells              Type           Power      Damage    Failure   Level
a - Summon Small Mammal   Summ           68%        N/A       2%          1

Your spell library contained the following spells:

 Spells                   Type           Power      Damage    Failure   Level
 Call Imp                 Summ           17%        N/A       3%          2
 Call Canine Familiar     Summ           17%        N/A       7%          3
 Summon Guardian Golem    Hex/Summ       9%         N/A       22%         3
 Summon Lightning Spire   Summ/Air       9%         N/A       56%         4


Dungeon Overview and Level Annotations

Branches:
Dungeon (1/15)

Altars:


Innate Abilities, Weirdness & Mutations

You are amphibious.
You cover ground slowly.
You can hop short distances.
You have an extended range of vision and can be seen from far away.


Message History

The endoplasm hits your rat.
Your rat dies!
Your rat's corpse disappears in a puff of smoke!
The quokka bites you.
You are too injured to fight recklessly!
You are too injured to fight recklessly!
Your bat hits the endoplasm.
The endoplasm dies!
The quokka barely misses you.
Your bat barely misses the quokka.
The quokka closely misses you.
Your bat hits the quokka.
You are too injured to fight recklessly!
Saving game... please wait.
Welcome back, H0rd4k the Barachi Summoner.
Press ? for a list of commands and other information.
You are too injured to fight recklessly!
You are too injured to fight recklessly!
You are too injured to fight recklessly!
Unknown command.
Unknown command.
The quokka bites you but does no damage.
Your bat barely misses the quokka.
You are too injured to fight recklessly!
You are too injured to fight recklessly!
Casting: Summon Small Mammal (safe; 2% risk of failure)
Confirm with . or Enter, or press ? or * to list all spells.
Your bat hits the quokka. The quokka bites you.
You are too injured to fight recklessly!
Okay, then.
Casting: Summon Small Mammal (safe; 2% risk of failure)
Confirm with . or Enter, or press ? or * to list all spells.
Your bat hits the quokka. The quokka bites you.
* * * LOW HITPOINT WARNING * * *
Your bat barely misses the quokka.
You hit the quokka.
The quokka is severely wounded.
Your bat barely misses the quokka.
Your bat hits the quokka.
Your bat hits the quokka but does no damage.
The quokka bites you.
You die...

#.........#
#.........####.#
#..............
#..........###.#
###########...)...........
..........................
#.##...)........b....###..
...#.###########r##..?...
...#.## #....b@# ...##.
......########........#
...............#r##...#
.................. .[#
...)รท#########.... .##
####.# ##...# #.# #...#
##.#### #.... ###.....#
#...#


You could see a quokka (ally target), a friendly quokka (summoned) and 2
friendly bats.

Vanquished Creatures
  A goblin (D:1)
1 creature vanquished.

Vanquished Creatures (collateral kills)
  A bat (D:1)
  An endoplasm (D:1)
  3 goblins (D:1)
  2 hobgoblins (D:1)
  A quokka (D:1)
  A frilled lizard (D:1)
  2 kobolds (D:1)
  2 rats (D:1)
13 creatures vanquished.

Grand Total: 14 creatures vanquished

Notes
Turn   | Place    | Note
-------+----------+-------------------------------------------
     0 | D:1      | H0rd4k the Barachi Summoner began the quest for the Orb.
     0 | D:1      | Reached XP level 1. HP: 13/13 MP: 3/3
   202 | D:1      | Reached skill level 5 in Summonings
   468 | D:1      | Reached XP level 2. HP: 19/19 MP: 0/5
   603 | D:1      | Slain by a quokka

Illustrated notes

Levels and vault maps discovered:
D:1:      minmay_arrival_doors, layout_basic,
          dilly_ecumenical_altar_fadedgnrine, kennysheep_nondescript

Skill      XL: |  1 |
---------------+----+-----
Summonings     | 5 |  5.3
Dodging        | |  2.1
Stealth        | |  1.7
Spellcasting   | |  2.4

Action                   || total
-------------------------++-------
Melee: Unarmed           ||     7
 Cast: Summon Small Mamm ||    25
Armor: Robe              ||     4
Dodge: Dodged            ||    10
